 Dungeon Crawl Stone Soup version 0.28-a0-1616-g050a50673c (webtiles) character file.

Game seed: 15394097871643881539

2648 fragbeetle the Frost Mage (level 9, 0/63 (69) HPs)
             Began as a Merfolk Ice Elementalist on Jan 23, 2022.
             Was an Initiate of Gozag.
             Slain by Harold (19 damage)
             ... on level 7 of the Dungeon.
             The game lasted 00:19:36 (7531 turns).

fragbeetle the Frost Mage (MfIE)                    Turns: 7531, Time: 00:19:39

HP:   0/63 (69)     AC: 15    Str: 16    XL:     9   Next: 62%
MP:   7/12          EV: 17    Int: 17    God:    Gozag
Gold: 686           SH:  0    Dex: 19    Spells: 5/12 levels left

rFire   . . .      SeeInvis .   I - +4 trident
rCold   + . .      Faith    .   (no shield)
rNeg    . . .      Spirit   .   t - +1 robe of Furak {Dex+5}
rPois   .          Reflect  .   q - +0 helmet
rElec   .          Harm     .   (no cloak)
rCorr   .          Rampage  .   s - +2 pair of gloves
Will    .....                   b - +0 pair of boots
Stlth   +++.......              (no amulet)
HPRegen 0.20/turn               l - ring of protection from cold
MPRegen 0.13/turn               N - +6 ring of strength

@: ice-armoured, marked, drained
A: (nimble swimmer 2), mertail
a: Renounce Religion, Potion Petition, Call Merchant, Bribe Branch


You were on level 7 of the Dungeon.
You worshipped Gozag.
Gozag was pleased with you.
You visited 2 branches of the dungeon, and saw 8 of its levels.
You also visited: Sewer.

You collected 719 gold pieces.
You paid 33 gold pieces to Gozag.

Inventory:

Hand Weapons
 n - a +2 mace of protection
 w - a +1 short sword of speed
 B - a +1 dagger of freezing
 G - a +2 short sword of protection
 I - a +4 trident (weapon)
 L - a +0 spear of venom
Missiles
 m - 32 poisoned darts
 u - 6 javelins
 H - 2 boomerangs (quivered)
 K - a throwing net
Armour
 b - a +0 pair of boots (worn)
 q - a +0 helmet (worn)
 s - a +2 pair of gloves (worn)
 t - the +1 robe of Furak (worn) {Dex+5}
   (You found it on level 4 of the Dungeon)

   Dex:       It affects your dexterity (+5).
Jewellery
 l - a ring of protection from cold (left hand)
 N - a +6 ring of strength (right hand)
Wands
 v - a wand of flame (23)
Scrolls
 a - 2 scrolls of magic mapping {unknown}
 c - 2 scrolls of noise {unknown}
 e - 4 scrolls of teleportation {unknown}
 f - a scroll of torment {unknown}
 i - 3 scrolls of identify {unknown}
 p - 2 scrolls of brand weapon {unknown}
 y - a scroll of summoning {unknown}
 A - 2 scrolls of fear {unknown}
 C - 2 scrolls of enchant armour {unknown}
 E - a scroll of holy word {unknown}
 J - a scroll of immolation {unknown}
 M - a scroll of fog {unknown}
Potions
 d - a potion of ambrosia {unknown}
 g - a potion of berserk rage {unknown}
 h - 2 potions of mutation {unknown}
 j - 3 potions of heal wounds {unknown}
 k - a potion of cancellation {unknown}
 o - 3 potions of lignification {unknown}
 r - a potion of magic {unknown}
 x - 2 potions of flight {unknown}
 z - 2 potions of haste {unknown}
 D - 2 potions of brilliance {unknown}
 F - a potion of resistance {unknown}


   Skills:
 + Level 5.9 Fighting
 * Level 5.6 Polearms
 + Level 7.6 Dodging
 - Level 6.0 Stealth
 - Level 2.0 Spellcasting
 * Level 9.8 Ice Magic


You had 5 spell levels left.
You knew the following spells:

 Your Spells              Type           Power      Damage    Failure   Level
a - Freeze                Ice            100%       1d11      1%          1
b - Frozen Ramparts       Ice            70%        1d9       1%          3
c - Ozocubu's Armour      Ice            35%        N/A       1%          3

Your spell library contained the following spells:

 Spells                   Type           Power      Damage    Failure   Level
 Animate Skeleton         Necr           2%         N/A       19%         1
 Apportation              Tloc           2%         N/A       19%         1
 Summon Small Mammal      Summ           4%         N/A       19%         1
 Hailstorm                Conj/Ice       18%        3d6       26%         4


Dungeon Overview and Level Annotations

Branches:
Dungeon (7/15)             Temple (1/1) D:4           Sewer (visited)

Altars:
Cheibriados
Dithmenos
Gozag
Hepliaklqana
Kikubaaqudgha
Qazlal
Sif Muna
Trog
Uskayaw
Wu Jian
Xom
Yredelemnul
Zin
The Shining One

Annotations:
D:7 Harold


Innate Abilities, Weirdness & Mutations

((You are very nimble when in or above water. (Stealth+, EV+, Speed+++)))
Your lower body shifts to a powerful aquatic tail in water.


Message History

You feel drained.
The centaur skeleton completely resists.
The wall freezes the centaur skeleton but does no damage.
You hit Harold.
Harold is heavily wounded.
The centaur skeleton resists.
The wall freezes the centaur skeleton.
The wall freezes Harold.
Harold closely misses you.
You hit Harold but do no damage.
Harold is heavily wounded.
The centaur skeleton resists.
The wall freezes the centaur skeleton.
The wall freezes Harold.
Harold closely misses you.
The centaur skeleton completely resists.
The wall freezes the centaur skeleton but does no damage.
You hit Harold but do no damage.
Harold is heavily wounded.
The wall freezes Harold.
Harold closely misses you.
The centaur skeleton completely resists.
The wall freezes the centaur skeleton but does no damage.
A centaur skeleton comes into view.
A bullfrog comes into view.
You barely miss Harold.
Harold is heavily wounded.
The centaur skeleton completely resists.
The wall freezes the centaur skeleton but does no damage.
The wall freezes Harold!
Harold completely misses you.
The centaur skeleton completely resists.
The wall freezes the centaur skeleton but does no damage.
You hit Harold.
Harold is severely wounded.
The wall freezes Harold.
Harold hits you with a +2 battleaxe of draining!
You feel drained.
The wall freezes the bullfrog.
A bullfrog comes into view.
Unknown command.
You hit Harold but do no damage.
Harold is severely wounded.
The frozen ramparts melt away.
Harold closely misses you.
A shadow imp comes into view.
Harold hits you with a +2 battleaxe of draining!!
You die...
Your body crumbles into a pile of gold.

#####
#...#
#.#^#
#.#.#
#@#.#
#@#.#
#F#<#
#Z###
#F5
Z..
...
....


You could see Harold, 2 bullfrogs, a shadow imp and 2 centaur skeletons.

Vanquished Creatures
  Sigmund (D:4)
  A hornet zombie (D:6)
  An orc warrior (D:6)
  2 black bears (D:6)
  3 ogres
  A phantom (D:6)
  3 kobold brigands (Sewer)
  Blork the orc (D:6)
  A bullfrog (D:6)
  A gnoll sergeant (D:6)
  3 scorpions
  A water moccasin zombie (D:6)
  4 killer bees (D:6)
  4 wights (D:6)
  2 bullfrog zombies (D:6)
  3 hounds
  A jelly (D:4)
  2 orc priests (D:6)
  2 bullfrog skeletons
  5 iguanas
  Terence (D:2)
  3 orc wizards (D:6)
  Robin (D:4)
  14 adders
  6 gnolls
  A white imp (D:6)
  An ufetubus (D:5)
  2 worms
  2 dart slugs
  3 orcs (D:6)
  9 endoplasms
  5 giant cockroaches
  16 goblins
  10 hobgoblins
  4 jackals (D:2)
  5 quokkas
  8 ball pythons
  4 bats
  2 frilled lizards (D:1)
  13 kobolds
  A quokka skeleton (D:4)
  7 rats
160 creatures vanquished.

Notes
Turn   | Place    | Note
-------+----------+-------------------------------------------
     0 | D:1      | fragbeetle the Merfolk Ice Elementalist began the quest for
                  | the Orb.
     0 | D:1      | Reached XP level 1. HP: 13/13 MP: 3/3
    19 | D:1      | Found a faded altar of an unknown god.
   354 | D:1      | Reached XP level 2. HP: 19/20 MP: 1/5
   833 | D:1      | Reached skill level 1 in Fighting
   910 | D:1      | Reached XP level 3. HP: 25/26 MP: 6/6
   914 | D:1      | Learned a level 3 spell: Frozen Ramparts
  1356 | D:2      | Reached skill level 5 in Ice Magic
  1437 | D:2      | Reached XP level 4. HP: 27/32 MP: 7/7
  1448 | D:2      | Learned a level 3 spell: Ozocubu's Armour
  1489 | D:2      | Noticed Terence
  1506 | D:2      | Killed Terence
  2840 | D:4      | Reached XP level 5. HP: 25/38 MP: 1/8
  3137 | D:4      | Noticed Robin
  3173 | D:4      | Killed Robin
  3464 | D:4      | Noticed Sigmund
  3479 | D:4      | Killed Sigmund
  3480 | D:4      | Reached skill level 6 in Ice Magic
  3480 | D:4      | Reached XP level 6. HP: 42/46 MP: 2/9
  3511 | D:4      | Identified the +1 robe of Furak {Dex+5}
  3633 | D:4      | Found a staircase to the Ecumenical Temple.
  3645 | D:4      | Reached XP level 7. HP: 37/52 MP: 3/10
  3733 | Temple   | Entered the Ecumenical Temple
  3974 | Temple   | Became a worshipper of Gozag Ym Sagoz the Greedy
  4131 | D:4      | Reached skill level 5 in Dodging
  4434 | D:4      | Reached skill level 7 in Ice Magic
  4510 | D:5      | Entered Level 5 of the Dungeon
  4720 | D:5      | Found a glowing drain.
  4884 | Sewer    | Entered a sewer
  4962 | Sewer    | Reached skill level 5 in Stealth
  4976 | Sewer    | Reached XP level 8. HP: 58/60 MP: 7/11
  5399 | D:5      | Reached skill level 8 in Ice Magic
  6026 | D:6      | Reached skill level 5 in Fighting
  6121 | D:6      | Reached skill level 1 in Polearms
  6183 | D:6      | Reached XP level 9. HP: 68/68 MP: 5/12
  6245 | D:6      | Reached skill level 9 in Ice Magic
  6259 | D:6      | Found a shadowy altar of Dithmenos.
  6297 | D:6      | Noticed Blork the orc
  6308 | D:6      | Killed Blork the orc
  6440 | D:6      | Found an ancient bone altar of Kikubaaqudgha.
  6937 | D:6      | Found a basalt altar of Yredelemnul.
  6978 | D:6      | Reached skill level 5 in Polearms
  7513 | D:7      | Noticed Harold
  7531 | D:7      | Slain by Harold

Illustrated notes

Levels and vault maps discovered:
D:1:      wander_arrival_desolate, layout_basic,
          dreamdust_ecumenical_altar_statues
D:2:      layout_basic, chequers_jeans, minmay_tall_x, uniq_terence
D:3:      layout_loops_cross
D:4:      layout_rooms, minmay_temple_entry_junction, uniq_sigmund, uniq_robin
D:5:      layout_loops_ring, gup_sewer_entry_glass
D:6:      layout_basic, nicolae_kikubaaqudgha_miasma_corner,
          nicolae_dithmenos_the_darkroom, mainiacjoe_overflow_catwalk,
          uniq_blork_the_orc
D:7:      layout_basic, okawaru_ov_weapons_minmay, minmay_shop_grid_forest,
          minmay_small_thing, uniq_prince_ribbit1, uniq_harold, uniq_menkaure
Temple:   minmay_temple_curvy_loop

Skill      XL: |  1  2  3  4  5  6  7  8  9 |
---------------+----------------------------+-----
Dodging        | 3 4 5 6 7 |  7.6
Fighting       | 1 2 3 4 5 |  5.9
Ice Magic      | 5 6 7 8 9 |  9.8
Stealth        | 3 4 5 6 |  6.0
Polearms       | 1 5 |  5.6
Spellcasting   | |  2.0

Action                   |  1- 3 |  4- 6 |  7- 9 || total
-------------------------+-------+-------+-------++-------
Melee: Dagger            |    23 |       |       ||    23
       Short sword       |    71 |   135 |   174 ||   380
       Punch             |     2 |     1 |     5 ||     8
       Trident           |       |       |   101 ||   101
       Tailslap          |       |       |     2 ||     2
Throw: Dart              |       |     8 |     3 ||    11
       Boomerang         |       |       |     9 ||     9
 Cast: Freeze            |    12 |     2 |     1 ||    15
       Frozen Ramparts   |     2 |    10 |    25 ||    37
       Ozocubu's Armour  |       |     4 |    16 ||    20
 Stab: Sleeping          |     6 |     2 |    18 ||    26
Armor: Robe              |    16 |     8 |    70 ||    94
       Leather armour    |       |    11 |       ||    11
Dodge: Dodged            |    56 |    58 |   172 ||   286

Table legend: (Time is in decaauts)
 A = Elapsed time spent in this place.
 B = Non-inter-level travel time spent in this place.
 C = Inter-level travel time spent in this place.
 D = Time resting spent in this place.
 E = Time spent auto-exploring this place.
 F = Levels seen in this place.
 G = Mean time per level.
                   A        B        C        D        E       F      G
               +--------+--------+--------+--------+--------+-----+--------+
         Total |   7412 |   7252 |    160 |   1389 |   3848 |   9 |  823.6 |
       Dungeon |   6803 |   6684 |    119 |   1389 |   3512 |   7 |  971.9 |
        Temple |    281 |    240 |     41 |      0 |    220 |   1 |  281.0 |
         Sewer |    327 |    327 |      0 |      0 |    114 |   1 |  327.0 |
               +--------+--------+--------+--------+--------+-----+--------+

Top non-repeatable levels by time:
     D:6: 1819 daAuts
     D:2: 1102 daAuts
     D:4: 1098 daAuts
     D:1: 1071 daAuts
     D:3: 885 daAuts
     D:5: 800 daAuts
   Sewer: 327 daAuts
  Temple: 281 daAuts
     D:7: 26 daAuts
